 Dungeon Crawl Stone Soup version 0.20-a0-59-g66a9409 (webtiles) character file.

16902 Faca the Basher (level 12, -12/76 HPs)
             Began as a Gargoyle Fighter on Nov 16, 2016.
             Was the Champion of Okawaru.
             Mangled by a large slime creature (29 damage)
             ... on level 11 of the Dungeon.
             The game lasted 01:32:14 (12128 turns).

Faca the Basher (Gargoyle Fighter)                 Turns: 12128, Time: 01:32:15

Health: -12/76     AC: 28    Str: 19    XL:     12   Next: 42%
Magic:  12/12      EV:  8    Int: 10    God:    Okawaru [******]
Gold:   710        SH: 13    Dex: 12    Spells: 0 memorised, 11 levels left

rFire  + . .     SeeInvis .     a - +1 flail
rCold  . . .     Gourm    .     g - +1 chain mail {rF+}
rNeg   + + .     Faith    .     c - +1 shield
rPois  ∞         Spirit   .     b - +0 helmet
rElec  +         Reflect  .     x - +2 ratskin cloak {rPois rN+ Int-1 Dex-1}
rCorr  .         Harm     .     B - +0 pair of gloves
MR     .....                    K - +0 pair of boots
Stlth  ..........               (no amulet)
                                m - +2 ring of slaying
                                e - +3 ring of slaying

@: no status effects
A: negative energy resistance 1, electricity resistance, unbreathing,
petrification resistance, rot immunity, AC +8
a: Heroism, Finesse, Renounce Religion


You were on level 11 of the Dungeon.
You worshipped Okawaru.
Okawaru was exalted by your worship.
You were not hungry.

You visited 3 branches of the dungeon, and saw 14 of its levels.
You also visited: Sewer.

You collected 710 gold pieces.

Inventory:

Hand Weapons
 a - a +1 flail (weapon)
 H - a +0 trident of piercing
 L - a +1 great sword of freezing
Missiles
 C - 4 steel tomahawks (quivered)
Armour
 b - a +0 helmet (worn)
 c - a +1 shield (worn)
 g - a +1 chain mail of fire resistance (worn)
 x - the +2 ratskin cloak (worn) {rPois rN+ Int-1 Dex-1}
   (You found it on level 4 of the Dungeon)

   It affects your intelligence (-1).
   It affects your dexterity (-1).
   It protects you from poison.
   It protects you from negative energy.
 B - a +0 pair of gloves (worn)
 K - a +0 pair of boots (worn)
Jewellery
 e - a +3 ring of slaying (left hand)
 h - an uncursed ring of flight
 m - a +2 ring of slaying (right hand)
 G - an uncursed ring of see invisible
Wands
 A - a wand of flame (14/48)
Scrolls
 i - 6 scrolls of remove curse
 l - 3 scrolls of identify
 p - 3 scrolls of teleportation
 s - 2 scrolls of fog
 t - 2 scrolls of fear
 w - a scroll of magic mapping
 y - 2 scrolls of enchant weapon
 I - a scroll of recharging
Potions
 d - 3 potions of might
 f - a potion of cancellation
 k - a potion of agility
 q - a potion of cure mutation {unknown}
 r - 10 potions of curing
 u - 9 potions of flight
 v - a potion of invisibility
 z - a potion of haste {unknown}
 D - 2 potions of lignification {unknown}
 E - a potion of heal wounds {unknown}
 J - a potion of berserk rage {unknown}
 N - a potion of brilliance {unknown}
Comestibles
 j - 6 bread rations
 n - 4 beef jerkies
 o - a royal jelly
 F - 5 slices of pizza


   Skills:
 + Level 9.2 Fighting
 + Level 12.8 Maces & Flails
 + Level 8.8 Armour
 + Level 3.3 Dodging
 + Level 0.8 Stealth
 + Level 11.3 Shields


You had 11 spell levels left.
You didn't know any spells.

Dungeon Overview and Level Annotations

Branches:
Dungeon (12/15)            Temple (1/1) D:6            Lair (0/6) D:9
    Orc (1/2) D:11

Altars:
Ashenzari
Cheibriados
Dithmenos
Elyvilon
Fedhas
Gozag
Hepliaklqana
Kikubaaqudgha
Makhleb
Nemelex Xobeh
Okawaru
Qazlal
Ru
Sif Muna
Trog
Uskayaw
Vehumet
Xom
Yredelemnul
Zin
The Shining One


Innate Abilities, Weirdness & Mutations

You are resistant to torment.
Your stone body is resilient. (AC +8)
You are immune to poison.
You resist negative energy. (rN+)
You are resistant to electric shocks. (rElec)
You can survive without breathing.
You are immune to petrification.
You are immune to rotting.


Message History

The large slime creature is heavily wounded.
You thump the large slime creature!
The large slime creature is heavily wounded.
You block the large slime creature's attack.
You sock the large slime creature!
The large slime creature is severely wounded.
The large slime creature hits you.
* * * LOW HITPOINT WARNING * * *
You bludgeon the large slime creature!!
The large slime creature is severely wounded.
You block the large slime creature's attack.
Your chain mail prevents you from hitting the large slime creature.
The large slime creature is severely wounded.
You completely miss the large slime creature.
The large slime creature is severely wounded.
You block the large slime creature's attack.
You sock the large slime creature!
The large slime creature is almost dead.
The large slime creature hits you!!
You die...

##'#############
#..............#
#..............#
#)))...........#
##(############# #(# #†#
################## #†#
#................. #(#
#@#########.......
##'###J#########..((...
#.............##..[....
#.............##.#[####
#.............##.#[..##
#.............##...8...
#.............##.#...##
#####....)>.......''.####'#
#.................##.# ##.


You could see a large slime creature.

Vanquished Creatures
  Josephine (D:10)
  The ghost of petzl the Covert, a novice OpWn of Vehumet (D:10)
  A skeletal warrior (D:11)
  An unseen horror (D:10)
  A hill giant (D:10)
  A cyclops (D:11)
  The ghost of Quilel the Vexing, a novice DEEn (D:5)
  The ghost of Quilel the Jinx, a novice DEEn (D:6)
  A centaur skeleton (D:10)
  A komodo dragon (D:9)
  A troll (D:11)
  Grinder (D:4)
  2 hippogriffs
  A two-headed ogre (D:8)
  2 slime creatures
  15 yaks
  A wyvern (D:11)
  4 wraiths
  Sigmund (D:5)
  4 hogs (D:8)
  A vampire (D:10)
  2 hungry ghosts
  A human (D:8)
  2 soldier ants (D:11)
  8 orc warriors
  2 phantoms
  3 sky beasts
  8 ogres
  8 centaurs
  A crocodile (D:11)
  5 bullfrogs
  A big kobold (D:8)
  A water moccasin zombie (D:11)
  A wyvern skeleton (D:8)
  3 scorpions
  18 killer bees
  4 wights (D:9)
  An electric eel (D:9)
  8 crimson imps
  2 jellies (D:7)
  3 quasits
  2 bullfrog zombies (D:5)
  5 hounds
  13 orc priests
  7 gnoll shamans
  14 orc wizards
  3 bullfrog skeletons
  4 iguanas
  9 worker ants
  A killer bee zombie (D:9)
  A hound zombie (D:5)
  A hound skeleton (D:7)
  A worker ant zombie (D:7)
  21 gnolls
  11 adders
  2 river rats (D:4)
  5 shadow imps
  4 oozes (Sewer)
  An adder zombie (D:7)
  An adder skeleton (D:8)
  A worm (Sewer)
  2 dart slugs
  6 leopard geckos
  58 orcs
  4 ball pythons
  6 giant cockroaches
  9 goblins
  9 hobgoblins
  18 jackals
  5 kobolds
  6 quokkas
  15 bats
  2 frilled lizards
  A jackal skeleton (D:5)
  A leopard gecko zombie (D:5)
  A quokka skeleton (D:5)
  13 rats
  3 fungi (D:8)
  A plant (D:8)
392 creatures vanquished.

Vanquished Creatures (others)
  A fungus (D:8)
  3 plants
4 creatures vanquished.

Grand Total: 396 creatures vanquished

Notes
Turn   | Place    | Note
-------+----------+-------------------------------------------
     0 | D:1      | Faca the Gargoyle Fighter began the quest for the Orb.
     0 | D:1      | Reached XP level 1. HP: 14/14 MP: 1/1
   236 | D:1      | Reached XP level 2. HP: 19/19 MP: 2/2
   692 | D:1      | Reached XP level 3. HP: 23/23 MP: 3/3
  1199 | D:2      | Reached skill level 3 in Maces & Flails
  1318 | D:2      | Reached XP level 4. HP: 28/28 MP: 4/4
  2086 | D:3      | Reached XP level 5. HP: 7/33 MP: 5/5
  2678 | D:4      | Noticed Grinder
  2688 | D:4      | Paralysed by Grinder for 5 turns
  2706 | D:4      | Killed Grinder
  2706 | D:4      | Reached skill level 5 in Maces & Flails
  2706 | D:4      | Reached XP level 6. HP: 23/38 MP: 6/6
  2855 | D:4      | Found a glowing drain.
  2859 | Sewer    | Entered a sewer
  3445 | D:4      | Reached skill level 1 in Dodging
  3445 | D:4      | Reached XP level 7. HP: 3/44 MP: 7/7
  4001 | D:5      | Entered Level 5 of the Dungeon
  4005 | D:5      | Noticed Quilel's ghost (novice DEEn)
  4032 | D:5      | Killed Quilel's ghost
  4032 | D:5      | Reached skill level 6 in Maces & Flails
  4032 | D:5      | Reached skill level 5 in Armour
  4032 | D:5      | Reached skill level 5 in Shields
  4032 | D:5      | Reached XP level 8. HP: 39/48 MP: 8/8
  4203 | D:5      | Reached skill level 5 in Fighting
  4287 | D:5      | Found a shimmering altar of Xom.
  4470 | D:5      | Noticed Sigmund
  4489 | D:5      | Killed Sigmund
  4489 | D:5      | Reached skill level 7 in Maces & Flails
  4724 | D:5      | Found a blossoming altar of Fedhas.
  4823 | D:6      | Noticed Quilel's ghost (novice DEEn)
  5152 | D:6      | Killed Quilel's ghost
  5152 | D:6      | Reached XP level 9. HP: 55/55 MP: 9/9
  5265 | D:6      | Reached skill level 8 in Maces & Flails
  5439 | D:6      | Found a staircase to the Ecumenical Temple.
  5449 | Temple   | Entered the Ecumenical Temple
  5511 | Temple   | Became a worshipper of Warmaster Okawaru
  6069 | D:7      | Reached * piety under Okawaru
  6166 | D:7      | Reached skill level 9 in Maces & Flails
  6218 | D:7      | Reached XP level 10. HP: 61/61 MP: 10/10
  6229 | D:7      | Reached ** piety under Okawaru
  6250 | D:7      | Found a hide-covered altar of Uskayaw.
  6997 | D:8      | Reached skill level 10 in Maces & Flails
  7258 | D:8      | Reached *** piety under Okawaru
  8075 | D:8      | Reached XP level 11. HP: 67/67 MP: 11/11
  8236 | D:9      | Reached skill level 11 in Maces & Flails
  8311 | D:9      | Found a staircase to the Lair.
  8332 | D:9      | Reached **** piety under Okawaru
  8906 | D:10     | Entered Level 10 of the Dungeon
  9048 | D:10     | Noticed an unseen horror
  9079 | D:10     | Killed an unseen horror
  9293 | D:10     | Noticed a hill giant
  9300 | D:10     | Killed a hill giant
  9300 | D:10     | Reached skill level 10 in Shields
  9357 | D:10     | Reached ***** piety under Okawaru
  9567 | D:10     | Noticed petzl's ghost (novice OpWn)
  9608 | D:10     | Killed petzl's ghost
  9684 | D:10     | Noticed Josephine
  9734 | D:10     | Killed Josephine
  9984 | D:9      | Reached skill level 12 in Maces & Flails
  9992 | D:9      | HP: 2/69 [yak (9)]
 10866 | D:11     | Noticed a cyclops
 10867 | D:11     | Noticed a skeletal warrior
 10884 | D:11     | Killed a cyclops
 10893 | D:11     | Killed a skeletal warrior
 10893 | D:11     | Reached ****** piety under Okawaru
 10893 | D:11     | Reached XP level 12. HP: 55/75 MP: 12/12
 11352 | D:11     | Received a gift from Okawaru
 11523 | D:11     | Found a staircase to the Orcish Mines.
 12053 | Orc:1    | Entered Level 1 of the Orcish Mines
 12128 | D:11     | Mangled by a large slime creature

Vault maps used:
D:1:      dpeg_arrival_water_altar, minmay_rat_gold_closets
D:3:      first_bread, nicolae_underground_beach
D:4:      gup_sewer_entry_bowl, serial_bayou_pond_a, minivault_24, uniq_grinder
D:5:      xom_teletrap_fun, fedhas_altar_2, uniq_sigmund
D:6:      serial_glass, glass_columns_b, glass_columns_a, feat_on_display,
          feat_on_display, kennysheep_crisscross
D:7:      minmay_ruined_shrine
D:8:      kennysheep_seaside_town, grunt_livestock
D:9:      david_lair_shrubbed, serial_bayou_lagoon_a
D:10:     lemuel_flame_loot_2, kennysheep_generic_room_7, uniq_josephine
D:11:     hiddenorc2_lemuel, kennysheep_generic_room_10
D:12:     kennysheep_windowed_goal, uniq_fannar, uniq_azrael
Temple:   regret_index_temple_chain_breaker
Orc:1:    serial_shops, shop, nicolae_shop_stone, shop, elves_outpost_lemuel,
          uniq_urug, uniq_erolcha, uniq_maurice
Sewer:    sewer_fruit_machine

Skill      XL: |  1  2  3  4  5  6  7  8  9 10 11 12 |
---------------+-------------------------------------+-----
Maces & Flails | 3 5 6 7 9 10 12 | 12.8
Fighting       | 4 5 6 7 8 9 |  9.2
Armour         | 4 5 6 7 8 |  8.8
Shields        | 4 5 6 7 9 10 11 | 11.3
Dodging        | 1 2 3 |  3.3
Stealth        | |  0.8

Action                   |  1- 3 |  4- 6 |  7- 9 | 10-12 || total
-------------------------+-------+-------+-------+-------++-------
Melee: Flail             |    98 |   135 |   356 |  1037 ||  1626
 Abil: Evoke Flight      |       |     1 |       |       ||     1
  Use: Scroll            |     4 |     7 |     6 |     8 ||    25
  Eat: Bread ration      |     1 |       |     1 |     1 ||     3
       Fruit             |       |     4 |     4 |     7 ||    15
       Beef jerky        |       |     1 |       |     1 ||     2
       Pizza             |       |       |     1 |     3 ||     4
       Meat ration       |       |       |       |     2 ||     2
Armor: Scale mail        |    57 |     1 |       |       ||    58
       Chain mail        |       |   111 |   291 |   519 ||   921
       Plate armour      |       |       |    23 |       ||    23
Dodge: Dodged            |    32 |    41 |   113 |   218 ||   404
Block: Shield            |    52 |    82 |   247 |   662 ||  1043
